 Dungeon Crawl Stone Soup version 0.29-a0-393-g47a863cc1b (webtiles) character file.

Game seed: 7983852498758201871

17081 croobank the Covert (level 12, -10/97 HPs)
             Began as a Gnoll Delver on May 11, 2022.
             Was an Initiate of Gozag.
             Hit by a large rock thrown by a cyclops (25 damage)
             ... on level 11 of the Dungeon.
             The game lasted 01:02:49 (15525 turns).

croobank the Covert (Gnoll Delver)                 Turns: 15525, Time: 01:03:05

Health: -10/97     AC: 20    Str: 19    XL:     12   Next: 44%
Magic:  22/22      EV: 10    Int: 26    God:    Gozag
Gold:   1254       SH:  0    Dex: 19    Spells: 25/25 levels left

rFire   + . .      SeeInvis +   S - +7 falchion of Dried Tears {spect, Str+4}
rCold   x . .      Faith    .   (no shield)
rNeg    . . .      Spirit   .   O - +3 plate armour "Viagg" {rCorr SInv}
rPois   .          Reflect  .   K - +2 helmet {Int+3}
rElec   .          Harm     .   (no cloak)
rCorr   +          Rampage  .   m - +0 pair of gloves "Tiuptam" {rC- Str+4 Int+8 Dex+5}
Will    .....                   (no boots)
Stlth   +.........              (no amulet)
HPRegen 0.26/turn               w - ring of protection from fire
MPRegen 0.18/turn               (no ring)

@: no status effects
A: fangs 1, strong nose, distributed training
a: Renounce Religion, Potion Petition, Call Merchant, Bribe Branch


You were on level 11 of the Dungeon.
You worshipped Gozag.
Gozag was most pleased with you.
You visited 2 branches of the dungeon, and saw 12 of its levels.

You collected 2192 gold pieces.
You paid 938 gold pieces to Gozag.

Inventory:

Hand Weapons
 b - the +8 hunting sling of the Establishment {venom, Will+ rCorr Str-3}
   (You found it on level 7 of the Dungeon)

   Any ammunition fired from it poisons the flesh of those it strikes.
   Str:       It affects your strength (-3).
   rCorr:     It protects you from acid and corrosion.
   Will:      It increases your willpower.
 h - a +2 quarterstaff of speed
 p - the +8 falchion "Ceonesy" {venom, rElec Int-5 Dex+5}
   (You found it on level 5 of the Dungeon)

   It poisons the flesh of those it strikes.
   Int:       It affects your intelligence (-5).
   Dex:       It affects your dexterity (+5).
   rElec:     It insulates you from electricity.
 y - a +2 mace of protection
 E - a +3 battleaxe
 F - a +5 great sword of chaos
 J - a +2 long sword of holy wrath
 N - a +2 great sword of electrocution
 S - the +7 falchion of Dried Tears (weapon) {spect, Str+4}
   (You took it off an orc wizard on level 7 of the Dungeon)

   When its wielder attacks, the weapon's spirit leaps out and strikes again.
   The spirit shares a part of any damage it takes with its wielder.
   Str:       It affects your strength (+4).
Missiles
 v - 2 atropa-tipped darts (quivered)
Armour
 m - the +0 pair of gloves "Tiuptam" (worn) {rC- Str+4 Int+8 Dex+5}
   (You found it on level 3 of the Dungeon)

   Str:       It affects your strength (+4).
   Int:       It affects your intelligence (+8).
   Dex:       It affects your dexterity (+5).
   rC:        It makes you vulnerable to cold.
 K - a +2 helmet of intelligence (worn)
 O - the +3 plate armour "Viagg" (worn) {rCorr SInv}
   (You found it on level 7 of the Dungeon)

   SInv:      It lets you see invisible.
   rCorr:     It protects you from acid and corrosion.
 Y - +0 ice dragon scales
Magical Staves
 a - a staff of earth
 l - a staff of death
 D - a staff of air
 R - a staff of cold
Jewellery
 w - a ring of protection from fire (left hand)
 L - an amulet of reflection
 Q - a +4 ring of evasion
 U - the ring of Birdsong {Ice rElec rPois Will-}
   (You found it on level 10 of the Dungeon)

   [ring of ice]

   It enhances your ice magic.
   rF:        It makes you vulnerable to fire.
   rC:        It protects you from cold.
   rElec:     It insulates you from electricity.
   rPois:     It protects you from poison.
   Will:      It decreases your willpower.
Wands
 g - a wand of digging (3)
 k - a wand of acid (6)
 s - a wand of flame (4)
 I - a wand of polymorph (14)
 V - a wand of iceblast (3)
Scrolls
 c - a scroll of fog
 d - 2 scrolls of enchant weapon
 e - 3 scrolls of identify
 j - 4 scrolls of magic mapping
 n - a scroll of amnesia
 o - 2 scrolls of noise {unknown}
 q - 4 scrolls of teleportation
 A - 2 scrolls of immolation
 H - 3 scrolls of summoning {unknown}
 T - a scroll of enchant armour {unknown}
 X - a scroll of fear
 Z - a scroll of blinking {unknown}
Potions
 f - a potion of cancellation
 i - a potion of might
 r - 3 potions of resistance
 x - 2 potions of berserk rage
 z - a potion of mutation
 B - 2 potions of brilliance
 C - 2 potions of curing
 G - a potion of flight
 M - 3 potions of lignification
 W - a potion of ambrosia {unknown}
Miscellaneous
 t - a lightning rod (4/4)
 P - a condenser vane (inert)


   Skills:
 + Level 9.9 Fighting
 + Level 7.3 Short Blades
 + Level 7.3 Long Blades
 + Level 8.7 Axes
 + Level 7.3 Maces & Flails
 + Level 7.3 Polearms
 + Level 7.3 Staves
 + Level 7.3 Slings
 + Level 7.3 Bows
 + Level 7.3 Crossbows
 + Level 7.3 Throwing
 + Level 7.3 Armour
 + Level 8.7 Dodging
 + Level 12.0 Stealth
 + Level 7.3 Shields
 + Level 7.3 Unarmed Combat
 + Level 7.3 Spellcasting
 + Level 6.0 Conjurations
 + Level 6.0 Hexes
 + Level 6.0 Summonings
 + Level 6.0 Necromancy
 + Level 6.0 Translocations
 + Level 6.0 Transmutations
 + Level 6.0 Fire Magic
 + Level 6.0 Ice Magic
 + Level 6.0 Air Magic
 + Level 6.0 Earth Magic
 + Level 6.0 Poison Magic
 + Level 8.0 Invocations
 + Level 7.3 Evocations


You had 25 spell levels left.
You didn't know any spells.
Your spell library contained the following spells:

 Spells                   Type           Power      Damage    Failure   Level
 Shock                    Conj/Air       100%       1d9       12%         1
 Dazzling Flash           Conj/Hex       82%        N/A       36%         3
 Swiftness                Air            41%        N/A       36%         3
 Airstrike                Air            20%        N/A       77%         4
 Agony                    Necr           41%        N/A       98%         5
 Silence                  Hex/Air        20%        N/A       98%         5


Dungeon Overview and Level Annotations

Branches:
Dungeon (11/15)            Temple (1/1) D:5            Lair (0/6) D:9
    Orc (0/2) D:9

Altars:
Ashenzari
Cheibriados
Dithmenos
Elyvilon
Fedhas
Gozag
Hepliaklqana
Kikubaaqudgha
Makhleb
Nemelex Xobeh
Okawaru
Qazlal
Ru
Sif Muna
Trog
Uskayaw
Vehumet
Wu Jian
Xom
Yredelemnul
Zin
The Shining One

Annotations:
D:6 Grinder
D:10 2 runed translucent doors


Innate Abilities, Weirdness & Mutations

You have very sharp teeth.
Your uncanny sense of smell can sniff out nearby items.
Your experience applies equally to all skills.


Message History

Your +7 falchion of Dried Tears {spect, Str+4} hits the two-headed ogre!
The two-headed ogre hits you but does no damage. x2
You catch the helpless two-headed ogre completely off-guard!
You slash the two-headed ogre!
The two-headed ogre is severely wounded.
Your +7 falchion of Dried Tears {spect, Str+4} hits the two-headed ogre!
The cyclops throws a large rock.
The large rock hits you!
You are too injured to fight recklessly!
Okay, then.
Aiming: Iceblast
Press: ? - help, Shift-Dir - straight line, f - cyclops, p - two-headed ogre
Aim: a cyclops, quivering large rocks The mass of ice explodes!
The iceblast engulfs the cyclops!!
The cyclops is heavily wounded.
The two-headed ogre is no longer blind.
The two-headed ogre hits you with a +0 giant club!
The two-headed ogre closely misses you.
The cyclops throws a large rock.
The large rock hits you!!!
* * * LOW HITPOINT WARNING * * *
[a] - 336 gold - resistance and might [b] - 270 gold - haste [c] - 240 gold - heal wounds and curing Purchase which effect?
You feel much better.
You feel better.
The two-headed ogre hits you with a +0 giant club!!
* * * LOW HITPOINT WARNING * * *
The two-headed ogre hits you but does no damage.
As you read the scroll of fear, it crumbles to dust.
You assume a fearsome visage.
The cyclops easily resists.
The two-headed ogre looks frightened!
Okay, then.
Okay, then.
Clouds of poison gas condense around you!
The condenser dries out!
The two-headed ogre is engulfed in poison gas.
The two-headed ogre is poisoned.
The cyclops is engulfed in poison gas.
The cyclops is poisoned.
The cyclops throws a large rock.
The large rock hits you!!
You die...
Your body crumbles into a pile of gold.

#######
#.....#
#.....#
#.....#
#.....#
#.....#
#.§§O.#
#.§§§.#
#.@§§.#
#§§§..# $
#§C§..#
#§§§..#
########.....#
....O..'.....#
.......#..[..#
.......#.....#
.##....#.....#


You could see a two-headed ogre (fleeing, poisoned) and a cyclops (poisoned).

Vanquished Creatures
  4 two-headed ogres
  Erolcha (D:9)
  A centaur warrior (D:8)
  Pikel (D:7)
  A cyclops (D:7)
  Maurice (D:8)
  A gargoyle (D:7)
  An unseen horror (D:7)
  A yaktaur (shapeshifter) (D:9)
  A komodo dragon (D:7)
  4 trolls
  A hornet (D:7)
  A centaur simulacrum (D:9)
  A shadow (D:7)
  19 yaks
  A yak (shapeshifter) (D:10)
  A wraith (D:7)
  3 steam dragons
  Menkaure (D:7)
  An acid dragon (D:9)
  2 water moccasins
  A sky beast (D:4)
  5 black bears
  7 orc warriors
  2 ice beasts
  3 ogres
  4 centaurs
  3 phantoms
  3 kobold brigands
  A gnoll sergeant (D:6)
  3 necrophages
  3 bullfrogs (D:9)
  5 scorpions
  12 wights
  11 killer bees
  3 howler monkeys
  7 hounds
  A human zombie (D:5)
  5 jellies
  7 orc priests
  Jessica (D:3)
  3 iguanas
  2 scorpion zombies (D:5)
  12 orc wizards
  2 mummies (D:5)
  A howler monkey zombie (D:5)
  3 gnolls (D:6)
  11 adders
  2 shadow imps
  2 white imps (D:7)
  2 worms
  2 dart slugs (D:4)
  34 orcs
  8 bats
  6 endoplasms
  3 giant cockroaches
  6 goblins
  12 hobgoblins
  25 kobolds
  5 quokkas
  12 ball pythons
  2 frilled lizards
  2 rats
292 creatures vanquished.

Vanquished Creatures (others)
  A deep elf pyromancer (D:7)
  8 fungi (D:9)
  15 plants (D:9)
24 creatures vanquished.

Grand Total: 316 creatures vanquished

Notes
Turn   | Place    | Note
-------+----------+-------------------------------------------
     0 | D:5      | Reached skill level 9 in Stealth
     0 | D:5      | croobank the Gnoll Delver began the quest for the Orb.
     0 | D:5      | Reached XP level 1. HP: 23/23 MP: 1/1
    79 | D:5      | Noticed a hound
    79 | D:5      | Noticed an iguana
   368 | D:4      | Reached XP level 2. HP: 9/29 MP: 2/2
   883 | D:3      | Identified the +0 pair of gloves "Tiuptam" {rC- Str+4 Int+8
                  | Dex+5}
  1011 | D:3      | Found a snail-covered altar of Cheibriados.
  1015 | D:3      | Noticed Jessica
  1037 | D:2      | Reached XP level 3. HP: 34/35 MP: 3/3
  1115 | D:2      | Reached skill level 1 in Invocations
  1495 | D:2      | Reached skill level 1 in Short Blades
  1495 | D:2      | Reached skill level 1 in Long Blades
  1495 | D:2      | Reached skill level 1 in Maces & Flails
  1495 | D:2      | Reached skill level 1 in Polearms
  1495 | D:2      | Reached skill level 1 in Staves
  1495 | D:2      | Reached skill level 1 in Slings
  1495 | D:2      | Reached skill level 1 in Bows
  1495 | D:2      | Reached skill level 1 in Crossbows
  1495 | D:2      | Reached skill level 1 in Throwing
  1495 | D:2      | Reached skill level 1 in Armour
  1495 | D:2      | Reached skill level 1 in Shields
  1495 | D:2      | Reached skill level 1 in Unarmed Combat
  1495 | D:2      | Reached skill level 1 in Spellcasting
  1495 | D:2      | Reached skill level 1 in Evocations
  1888 | D:1      | Found a faded altar of an unknown god.
  1895 | D:1      | Reached XP level 4. HP: 41/41 MP: 5/5
  2653 | D:3      | Killed Jessica
  2654 | D:3      | Reached skill level 1 in Conjurations
  2654 | D:3      | Reached skill level 1 in Hexes
  2654 | D:3      | Reached skill level 1 in Summonings
  2654 | D:3      | Reached skill level 1 in Necromancy
  2654 | D:3      | Reached skill level 1 in Translocations
  2654 | D:3      | Reached skill level 1 in Transmutations
  2654 | D:3      | Reached skill level 1 in Fire Magic
  2654 | D:3      | Reached skill level 1 in Ice Magic
  2654 | D:3      | Reached skill level 1 in Air Magic
  2654 | D:3      | Reached skill level 1 in Earth Magic
  2654 | D:3      | Reached skill level 1 in Poison Magic
  2786 | D:3      | Found a radiant altar of Vehumet.
  2950 | D:3      | Noticed a water moccasin
  2962 | D:3      | HP: 1/41 [water moccasin (7)]
  2970 | D:3      | Killed a water moccasin
  2971 | D:3      | Reached XP level 5. HP: 21/47 MP: 5/7
  3208 | D:3      | Reached XP level 6. HP: 53/53 MP: 8/8
  3544 | D:4      | Found a shadowy altar of Dithmenos.
  3889 | D:4      | Reached skill level 5 in Axes
  3889 | D:4      | Reached skill level 5 in Dodging
  4051 | D:4      | Found a bloodstained altar of Trog.
  4193 | D:4      | Noticed a sky beast
  4214 | D:4      | Killed a sky beast
  4215 | D:4      | Reached XP level 7. HP: 37/59 MP: 10/10
  4460 | D:4      | Noticed a two-headed ogre
  5075 | D:5      | Reached skill level 10 in Stealth
  5225 | D:5      | Identified the +8 falchion "Ceonesy" {venom, rElec Int-5
                  | Dex+5}
  5614 | D:5      | Reached XP level 8. HP: 67/67 MP: 12/12
  6012 | D:5      | Found a staircase to the Ecumenical Temple.
  6022 | Temple   | Entered the Ecumenical Temple
  6061 | Temple   | Became a worshipper of Gozag Ym Sagoz the Greedy
  6287 | D:5      | Found an ancient bone altar of Kikubaaqudgha.
  6889 | D:6      | Found a hazy altar of Hepliaklqana.
  6927 | D:6      | Found a broken altar of Ashenzari.
  7123 | D:6      | Reached XP level 9. HP: 72/72 MP: 14/14
  7618 | D:6      | Noticed Grinder
  7959 | D:7      | Noticed a komodo dragon
  7964 | D:7      | Killed a komodo dragon
  7965 | D:7      | Reached skill level 5 in Invocations
  7978 | D:7      | Killed an unseen horror
  7979 | D:7      | Reached XP level 10. HP: 55/80 MP: 15/17
  8371 | D:7      | Identified the +3 plate armour "Viagg" {rCorr SInv}
  8382 | D:7      | Identified the +8 hunting sling of the Establishment
                  | {venom, Will+ rCorr Str-3}
  8412 | D:7      | Found a bloodstained altar of Trog.
  8424 | D:7      | Reached skill level 5 in Short Blades
  8424 | D:7      | Reached skill level 5 in Long Blades
  8424 | D:7      | Reached skill level 5 in Maces & Flails
  8424 | D:7      | Reached skill level 5 in Polearms
  8424 | D:7      | Reached skill level 5 in Staves
  8424 | D:7      | Reached skill level 5 in Slings
  8424 | D:7      | Reached skill level 5 in Bows
  8424 | D:7      | Reached skill level 5 in Crossbows
  8424 | D:7      | Reached skill level 5 in Throwing
  8424 | D:7      | Reached skill level 5 in Armour
  8424 | D:7      | Reached skill level 5 in Shields
  8424 | D:7      | Reached skill level 5 in Unarmed Combat
  8424 | D:7      | Reached skill level 5 in Spellcasting
  8424 | D:7      | Reached skill level 5 in Evocations
  8467 | D:7      | Identified the +7 falchion of Dried Tears {spect, Str+4}
  8494 | D:7      | Noticed Pikel
  8499 | D:7      | Noticed a cyclops
  8508 | D:7      | Killed Pikel
  8514 | D:7      | Killed a cyclops
  8515 | D:7      | Reached skill level 11 in Stealth
  8913 | D:7      | Found an ornate altar of the Wu Jian Council.
  9008 | D:7      | Found a hazy altar of Hepliaklqana.
  9025 | D:7      | Found a basalt altar of Yredelemnul.
  9031 | D:7      | Found a stormy altar of Qazlal.
  9033 | D:7      | Noticed a gargoyle
  9134 | D:7      | Killed a gargoyle
  9242 | D:7      | Identified the +2 leather armour of Idduys {rC+ rN+++ Str-2
                  | Int+4}
  9248 | D:7      | Noticed a deep elf pyromancer
  9267 | D:7      | Killed a deep elf pyromancer
  9461 | D:7      | Noticed Menkaure
  9469 | D:7      | Killed Menkaure
  9470 | D:7      | Reached XP level 11. HP: 87/87 MP: 19/19
  9874 | D:7      | Found a shimmering blue altar of Sif Muna.
 10532 | D:8      | Noticed Maurice
 10557 | D:8      | Killed Maurice
 10558 | D:8      | Reached skill level 5 in Conjurations
 10558 | D:8      | Reached skill level 5 in Hexes
 10558 | D:8      | Reached skill level 5 in Summonings
 10558 | D:8      | Reached skill level 5 in Necromancy
 10558 | D:8      | Reached skill level 5 in Translocations
 10558 | D:8      | Reached skill level 5 in Transmutations
 10558 | D:8      | Reached skill level 5 in Fire Magic
 10558 | D:8      | Reached skill level 5 in Ice Magic
 10558 | D:8      | Reached skill level 5 in Air Magic
 10558 | D:8      | Reached skill level 5 in Earth Magic
 10558 | D:8      | Reached skill level 5 in Poison Magic
 10761 | D:8      | Found a glowing golden altar of the Shining One.
 11043 | D:8      | Noticed a centaur warrior
 11048 | D:8      | Killed a centaur warrior
 11734 | D:8      | Found a glowing silver altar of Zin.
 12431 | D:9      | Found a staircase to the Orcish Mines.
 12832 | D:9      | Noticed a two-headed ogre
 12850 | D:9      | Killed a two-headed ogre
 13032 | D:9      | Found a staircase to the Lair.
 13291 | D:9      | Noticed a two-headed ogre
 13292 | D:9      | Noticed Erolcha
 13303 | D:9      | Killed a two-headed ogre
 13309 | D:9      | Killed Erolcha
 13572 | D:10     | Entered Level 10 of the Dungeon
 13583 | D:10     | Reached XP level 12. HP: 95/96 MP: 22/22
 14536 | D:10     | Noticed a two-headed ogre
 14545 | D:10     | Killed a two-headed ogre
 14924 | D:10     | Identified the ring of Birdsong {Ice rElec rPois Will-}
 14981 | D:10     | Identified the +3 ring mail of Slovenliness {Dex+3}
 15239 | D:10     | Found a large runed translucent door.
 15240 | D:10     | Found a large runed translucent door.
 15472 | D:11     | Noticed a two-headed ogre
 15481 | D:11     | Killed a two-headed ogre
 15482 | D:11     | Reached skill level 12 in Stealth
 15499 | D:11     | Noticed a two-headed ogre
 15522 | D:11     | HP: 1/97 [cyclops/large rock (37)]
 15525 | D:11     | Hit by a large rock thrown by a cyclops

Illustrated notes

Levels and vault maps discovered:
D:1:      sevenhm_arrival_forest_fort_large_2, layout_basic,
          hellmonk_ecumenical_altar_pennies_from_heaven
D:2:      minmay_spotlight, layout_rooms, hangedman_abyss_or_decor_lesser_grid
D:3:      layout_basic, mainiacjoe_overflow_surrounded_room,
          vehumet_altar_wand_db, grunt_decor_arrowhead, uniq_jessica
D:4:      minmay_octagon_keep, layout_loops_ring, trog_book,
          nicolae_dithmenos_through_a_glass_darkly,
          chequers_serial_rivers_large_b, hex_large, amcnicky_mini_pool_small,
          minmay_misc_feat_five
D:5:      layout_basic, lemuel_mausoleum_altar_kikubaaqudgha,
          minmay_temple_entry_fiery
D:6:      minmay_diamond_boxcup, layout_gridville, lemuel_crystal_altar,
          lemuel_doored_altar, uniq_grinder
D:7:      minmay_the_grid_triangle_9x9_recursive_2
          [minmay_the_grid_triangle_9x9_prize_center,
          minmay_the_grid_triangle_9x9_shrine,
          minmay_the_grid_triangle_9x9_checkered,
          minmay_the_grid_triangle_9x9_warning], layout_layer_cave,
          kennysheep_orc_sif_temple, yredelemnul_altar_generic,
          grunt_qazlal_clouds, nicolae_wu_jian_glorious_leap,
          hangedman_feature_mirror, uniq_pikel, uniq_menkaure
D:8:      layout_layer_cave, tso_oasis_becter, zin_statuary, uniq_maurice
D:9:      layout_long_grid, grunt_lair_entry_orc_guard_hut, erik_orc_3,
          minmay_misc_feat_doors, minmay_microvault, uniq_erolcha
D:10:     layout_rooms, lightli_elemental_guards
D:11:     layout_gridville, gauntlet_entry_generic, kennysheep_kite_vault
Temple:   jpeg_temple_island

Skill      XL: |  1  2  3  4  5  6  7  8  9 10 11 12 |
---------------+-------------------------------------+-----
Stealth        | 10 11 12 | 12.0
Invocations    | 1 2 3 4 5 6 7 8 |  8.0
Short Blades   | 1 2 3 4 5 6 7 |  7.3
Long Blades    | 1 2 3 4 5 6 7 |  7.3
Maces & Flails | 1 2 3 4 5 6 7 |  7.3
Polearms       | 1 2 3 4 5 6 7 |  7.3
Staves         | 1 2 3 4 5 6 7 |  7.3
Slings         | 1 2 3 4 5 6 7 |  7.3
Bows           | 1 2 3 4 5 6 7 |  7.3
Crossbows      | 1 2 3 4 5 6 7 |  7.3
Throwing       | 1 2 3 4 5 6 7 |  7.3
Armour         | 1 2 3 4 5 6 7 |  7.3
Shields        | 1 2 3 4 5 6 7 |  7.3
Unarmed Combat | 1 2 3 4 5 6 7 |  7.3
Spellcasting   | 1 2 3 4 5 6 7 |  7.3
Evocations     | 1 2 3 4 5 6 7 |  7.3
Conjurations   | 1 2 3 4 5 6 |  6.0
Hexes          | 1 2 3 4 5 6 |  6.0
Summonings     | 1 2 3 4 5 6 |  6.0
Necromancy     | 1 2 3 4 5 6 |  6.0
Translocations | 1 2 3 4 5 6 |  6.0
Transmutations | 1 2 3 4 5 6 |  6.0
Fire Magic     | 1 2 3 4 5 6 |  6.0
Ice Magic      | 1 2 3 4 5 6 |  6.0
Air Magic      | 1 2 3 4 5 6 |  6.0
Earth Magic    | 1 2 3 4 5 6 |  6.0
Poison Magic   | 1 2 3 4 5 6 |  6.0
Axes           | 5 6 7 8 |  8.7
Dodging        | 5 6 7 8 |  8.7
Fighting       | 7 8 9 |  9.9

Action                   |  1- 3 |  4- 6 |  7- 9 | 10-12 || total
-------------------------+-------+-------+-------+-------++-------
Melee: Hand axe          |    94 |    17 |       |       ||   111
       Bite              |     6 |    13 |    20 |    49 ||    88
       Punch             |     1 |     1 |     3 |    16 ||    21
       Mace              |       |   115 |    49 |       ||   164
       Falchion          |       |       |   166 |   343 ||   509
       Unarmed           |       |       |       |    18 ||    18
       Quarterstaff      |       |       |       |    31 ||    31
       Great sword       |       |       |       |     6 ||     6
Throw: Dart              |       |       |     1 |     7 ||     8
       Throwing net      |       |       |       |     1 ||     1
Invok: Potion Petition   |       |       |       |     2 ||     2
Evoke: Wand              |       |     9 |     4 |     6 ||    19
       Condenser vane    |       |       |       |     2 ||     2
  Use: Scroll            |     6 |     5 |     2 |     9 ||    22
       Potion            |     1 |     3 |     2 |     5 ||    11
 Stab: Sleeping          |    11 |    11 |     9 |       ||    31
       Distracted        |       |       |     2 |    15 ||    17
       Held in net/web   |       |       |       |     1 ||     1
       Invisible         |       |       |       |     2 ||     2
Armor: Leather armour    |    23 |    63 |     6 |       ||    92
       Chain mail        |       |       |    93 |     8 ||   101
       Plate armour      |       |       |       |   205 ||   205
Dodge: Dodged            |    69 |    88 |   116 |   159 ||   432

Table legend: (Time is in decaauts)
 A = Elapsed time spent in this place.
 B = Non-inter-level travel time spent in this place.
 C = Inter-level travel time spent in this place.
 D = Time resting spent in this place.
 E = Time spent auto-exploring this place.
 F = Levels seen in this place.
 G = Mean time per level.
                   A        B        C        D        E       F      G
               +--------+--------+--------+--------+--------+-----+--------+
         Total |  15605 |  15150 |    455 |   3913 |   7985 |  12 | 1300.4 |
       Dungeon |  15532 |  15111 |    421 |   3913 |   7955 |  11 | 1412.0 |
        Temple |     73 |     39 |     34 |      0 |     30 |   1 |   73.0 |
               +--------+--------+--------+--------+--------+-----+--------+

Top non-repeatable levels by time:
     D:7: 2140 daAuts
     D:5: 2022 daAuts
     D:8: 2002 daAuts
     D:4: 1787 daAuts
     D:9: 1591 daAuts
    D:10: 1526 daAuts
     D:6: 1460 daAuts
     D:3: 1212 daAuts
     D:1: 939 daAuts
     D:2: 684 daAuts
    D:11: 165 daAuts
  Temple: 73 daAuts
